Map: Ultralove

Players

ManlyManMeat - Winner!

  • Race: Zerg Zerg
  • League: Diamond
  • Spawn Location: 7:00

omax

  • Race: Protoss Protoss
  • League: Diamond
  • Spawn Location: 1:00

VOD

Have the link to the VOD?

Description

Time

  • Played on: July 2, 2025, 7:51 a.m.
  • Length: 11:55
Show
View Real Time Build Order
Export as new Build Order

ManlyManMeat Zerg - Winner!

Build Orders: Hatch First 

Get SALT Encoding   

  12  0:00  Drone  
  13  0:08  Drone  
  13  0:13  Extractor  
  13  0:15  Drone  
  15  0:22  Overlord  
  15  0:42  Drone  
  16  0:49  Hatchery  
  15  0:50  Drone  
  15  0:54  Drone  
  17  0:57  Drone  
  18  1:08  Extractor  
  17  1:13  Spawning Pool  
  17  1:16  Drone  
  17  1:20  Drone  
  18  1:28  Drone  
  19  1:36  Drone  
  20  2:03  Queen  
  20  2:04  Overlord  
  22  2:17  Queen  
  24  2:25  Hatchery  
  24  2:26  Drone x3  
  24  2:28  Drone  
  27  2:30  Drone  
  28  2:38  Drone x2  
  28  2:43  Drone  
  31  2:51  Zergling x4  
  33  2:59  Overlord  
  33  3:16  Lair  
  33  3:19  Drone x3  
  36  3:21  Overlord x3  
  36  3:36  Drone, Evolution Chamber, Queen  
  36  3:40  Drone  
  36  3:41  Evolution Chamber  
  38  3:48  Spore Crawler  
  38  3:50  Spore Crawler  
  35  3:58  Drone x10  
  35  3:59  Drone  
  46  4:04  Drone x2, Extractor x2  
  46  4:06  Drone  
  47  4:20  Queen  
  47  4:21  Queen  
  51  4:26  Drone x4  
  51  4:28  Drone  
  51  4:29  Drone  
  51  4:30  Drone  
  58  4:32  Overseer  
  58  4:37  Drone, Extractor  
  58  4:38  Drone x2  
  60  4:39  Drone  
  60  4:40  Drone  
  62  4:47  Overlord  
  62  4:48  Overlord x2  
  62  5:09  Extractor  
  62  5:10  Extractor  
  60  5:14  Metabolic Boost  
  60  5:16  Hydralisk Den  
  59  5:34  Zergling x22  
  59  5:35  Zergling x10  
  75  5:37  Overlord  
  75  5:38  Overlord  
  75  5:42  Hatchery  
  74  5:54  Hatchery  
  74  5:55  Grooved Spines  
  74  5:56  Hydralisk x5  
  83  6:12  Drone x3  
  83  6:14  Zerg Missile Weapons Level 1  
  83  6:17  Overseer  
  86  6:20  Drone x2  
  86  6:21  Drone x2  
  86  6:24  Drone  
  86  6:25  Drone x3  
  93  6:26  Drone  
  93  6:28  Drone, Overlord x3  
  93  6:31  Hydralisk  
  98  6:46  Muscular Augments  
  98  6:51  Drone x2  
  98  6:53  Hatchery, Zerg Ground Armor Level 1  
  99  6:55  Hatchery  
  98  7:10  Hydralisk x6  
  109  7:29  Baneling Nest  
  108  7:38  Hydralisk x10  
  108  7:39  Zergling x2  
  129  7:48  Baneling Nest  
  128  7:54  Hydralisk x2  
  128  7:57  Overlord x3  
  132  8:08  Zerg Missile Weapons Level 2  
  132  8:12  Hydralisk x2  
  132  8:13  Overlord x3  
  136  8:22  Hydralisk x3  
  136  8:23  Zergling x4  
  140  8:32  Hydralisk x3  
  129  8:47  Hydralisk x6  
  137  8:49  Zergling x2  
  137  8:54  Drone x3  
  141  9:08  Zergling x6  
  141  9:09  Zergling x14  
  151  9:11  Baneling  
  151  9:12  Baneling x3  
  151  9:14  Centrifugal Hooks  
  151  9:30  Hydralisk x6  
  163  9:32  Zergling x4  
  165  9:50  Zergling x2  
  165  9:51  Zergling x28  
  165  9:52  Zergling x2  
  158  10:02  Hydralisk  
  158  10:03  Hydralisk x4  
  158  10:12  Hydralisk x3  
  152  10:39  Hydralisk  
  152  10:40  Hydralisk x11  
  171  10:51  Hydralisk  
  171  10:52  Hydralisk x4  
  172  11:25  Hydralisk x7  
  145  11:26  Hydralisk x4  
Show
View Real Time Build Order
Export as new Build Order

omax Protoss 

Build Orders: Zealot Archon 

Get SALT Encoding   

  1  0:00  Probe  
  12  0:05  Probe  
  14  0:15  Probe  
  15  0:26  Pylon  
  15  0:44  Probe  
  15  0:45  Gateway  
  16  0:51  Forge  
  16  0:57  Probe  
  16  1:02  Assimilator  
  17  1:05  Probe  
  18  1:14  Probe  
  19  1:26  Probe  
  19  1:30  Photon Cannon  
  20  1:35  Cybernetics Core  
  20  2:01  Nexus  
  20  2:08  Warp Gate, Pylon  
  20  2:13  Stalker  
  20  2:22  Assimilator  
  22  2:24  Probe  
  23  2:36  Probe  
  24  2:48  Probe  
  25  3:00  Probe  
  26  3:06  Robotics Facility, Twilight Council  
  26  3:09  Probe  
  26  3:12  Probe  
  27  3:17  Probe  
  27  3:18  Gateway  
  28  3:24  Probe  
  28  3:25  Probe  
  30  3:32  Gateway  
  31  3:36  Probe  
  31  3:37  Probe  
  33  3:43  Charge  
  33  3:51  Gateway  
  33  3:53  Observer  
  34  3:56  Sentry  
  34  3:58  Probe x2  
  38  4:06  Pylon  
  38  4:09  Probe  
  38  4:10  Probe  
  38  4:13  Stalker  
  38  4:16  Pylon  
  42  4:17  Probe  
  42  4:18  Probe  
  44  4:25  Probe  
  44  4:26  Assimilator  
  44  4:28  Assimilator  
  45  4:43  Templar Archives  
  45  4:46  Pylon  
  45  4:48  Pylon, Probe x2  
  47  5:12  Protoss Ground Weapons Level 1  
  47  5:14  Zealot x4  
  55  5:26  Gateway  
  55  5:28  Gateway  
  55  5:31  Probe  
  55  5:35  Probe  
  57  5:39  Pylon, Probe  
  57  5:41  Pylon  
  57  5:43  Pylon  
  57  5:47  Probe  
  57  5:49  Probe  
  60  6:01  High Templar x2  
  60  6:02  High Templar x2  
  68  6:05  Archon  
  68  6:08  Archon  
  68  6:25  Nexus  
  68  6:27  Assimilator  
  68  6:30  Pylon  
  68  6:31  Stargate, Assimilator  
  68  6:34  Pylon  
  68  6:38  High Templar x2  
  68  6:39  Zealot x4  
  80  6:43  Archon  
  80  6:46  Protoss Ground Weapons Level 2  
  80  6:47  Forge  
  80  6:51  Probe x2  
  82  6:55  Protoss Ground Armor Level 1  
  82  6:59  Zealot  
  82  7:00  Zealot x2  
  88  7:03  Probe x2  
  90  7:09  Shield Battery  
  90  7:10  Shield Battery  
  90  7:11  Zealot x2  
  90  7:15  Probe x2  
  96  7:28  Probe x2  
  98  7:35  Stalker  
  100  7:37  Stalker  
  100  7:40  Probe x2  
  104  7:46  Probe  
  105  7:52  Probe x2  
  105  7:58  Probe, High Templar  
  108  7:59  High Templar x3  
  108  8:00  Zealot x2  
  108  8:03  Archon x2  
  108  8:04  Probe  
  108  8:05  Probe  
  122  8:10  Probe  
  122  8:11  Pylon  
  122  8:12  Pylon  
  123  8:16  Probe  
  123  8:17  Probe  
  125  8:21  Pylon  
  125  8:23  Pylon, Zealot x2  
  119  8:31  Warp Prism  
  119  8:36  High Templar  
  119  8:37  High Templar x3  
  119  8:41  Archon  
  127  8:42  Archon  
  117  8:54  Fleet Beacon  
  117  8:57  Stargate  
  117  9:05  Stargate  
  117  9:08  Pylon  
  117  9:10  Pylon  
  117  9:17  Gateway, Zealot x5  
  117  9:18  Gateway  
  117  9:20  Gateway  
  126  9:46  Carrier  
  106  9:54  Carrier  
  100  10:05  Carrier  
  75  10:16  Zealot x4  
  75  10:17  Zealot x2  
  87  10:29  Shield Battery  
  87  10:32  Shield Battery  
  87  10:34  Shield Battery  
  82  10:48  Zealot x5  
  64  11:11  Zealot  
Tags
 
Composition
Zealot Archon
Matchup
PvZ
Replay Pack
Myownreplay2
Spawn Locations
Cross Positions
Add a new tag
Caveats
  • Supply blocks, unpowered buildings, or Contaminate may cause inaccurate times.
  • Supply counts are checked every 10 seconds.